 Dungeon Sprint DCSS version 0.16.1-18-g436b03c (webtiles) character file.

9000000 Vrock the Axe Maniac (level 26, -6/193 HPs)
             Began as a Gargoyle Gladiator on May 16, 2015.
             Was the Champion of Makhleb.
             Mangled by a destroyer
             ... wielding a +9 great sword of slicing
              (22 damage)
             ... in the Dungeon (Sprint VIII: "Arena of Blood").
             The game lasted 00:04:41 (90 turns).

Vrock the Axe Maniac (Gargoyle Gladiator)             Turns: 90, Time: 00:04:49

Health: -6/193     AC: 28    Str: 27      XL:     26   Next: 57%
Magic:  32/49      EV: 19    Int: 13      God:    Makhleb [******]
Gold:   0          SH:  0    Dex:  6 (10) Spells: 0 memorised, 79 levels left

rFire  . . .     SeeInvis +     l - +∞ Axe of Woe
rCold  . . .     Clarity  .     b - +0 leather armour
rNeg   + . .     SustAb   .     (no shield)
rPois  ∞         Gourm    .     c - +0 helmet
rElec  +         Spirit   .     (no cloak)
rCorr  .         Warding  .     (no gloves)
rMut   .         NoTele   +     (no boots)
MR     +....                    (no amulet)
Stlth  +++++++++.               (no ring)
                                m - ring of see invisible

@: somewhat resistant to hostile enchantments, incredibly stealthy
A: able to fly continuously, big wings, negative energy resistance 1,
electricity resistance, unbreathing, petrification resistance, rot immunity, AC
+19
a: Fly, Minor Destruction, Lesser Servant of Makhleb, Major Destruction, Greater
Servant of Makhleb, Renounce Religion


You were in the Dungeon.
You worshipped Makhleb.
Makhleb was exalted by your worship.
You were not hungry.

You visited 1 branch

Inventory:

Hand weapons
 a - a +0 war axe
 l - the +∞ Axe of Woe (weapon)
   (You found it in the Dungeon)
Missiles
 d - 3 throwing nets (quivered)
Armour
 b - a +0 leather armour (worn)
 c - a +0 helmet (worn)
Jewellery
 m - a ring of see invisible (left hand)
Scrolls
 k - a scroll of blinking
Potions
 e - a potion of curing
 g - a potion of heal wounds
 h - a potion of haste
 i - 2 potions of magic
 j - a potion of berserk rage
Comestibles
 f - a bread ration


   Skills:
 O Level 27 Fighting
 O Level 27 Axes
 O Level 27 Throwing
 O Level 27 Armour
 O Level 27 Dodging
 O Level 27 Stealth
 O Level 27 Unarmed Combat
 O Level 27 Spellcasting
 O Level 27 Invocations


You had 79 spell levels left.
You didn't know any spells.

Dungeon Overview and Level Annotations

Branches:
Dungeon (1/1)

Altars:
Makhleb


Innate Abilities, Weirdness & Mutations

You are resistant to torment.
You are immune to poison.
You can fly continuously.
Your stone body is very resilient (AC +19).
Your wings are large and strong.
You resist negative energy.
You are resistant to electric shocks.
You can survive without breathing.
You are immune to petrification.
You are immune to rotting.


Message History

You slice the bag of meat like a ripe choko!!!
You cleave the bag of meat in twain.
You kill the bag of meat!
Makhleb accepts your kill.
You slash the bag of meat!
You fatally mangle the bag of meat.
You kill the bag of meat!
Makhleb accepts your kill.
You hear a shout! x3
The wretched soul appears out of thin air!
A wretched soul comes into view.
You hear a shout! x6
A hydra, an orc and a hell beast come into view.
Unknown command.
A sculptor of flesh comes into view. It is wielding a +9 great sword.
You hear a shout! x6
The meat beast moves out of view.
The destroyer hits you with a +9 great sword of slicing!!!!!
Ouch! That really hurt!
* * * LOW HITPOINT WARNING * * *
You die...

##......)2.).....####
.......).)..........#
......##)##)#####....
..........)...§§.......
####.%..)##.##D).......
.............W)).......
#.........)#)#)......#.
#.....x.§.).)))....###
.#.....%)..).@.X......
...#...))).%XVXXXX.....
....%..))).......LX....
......o)))......XX....
......%#)).....#......
#.....#..o...W#.....
....###.......###..
.........###..z...
.#........_......


You could see 3 tentacled monstrosities, a tyrant, an eight-headed meat hydra
(wandering), a destroyer, a sculptor of flesh (wandering), 6 large abominations,
a wretched soul (invisible) and a bag of meat.

Vanquished Creatures
  Harold (D)
  A greater mummy (D)
  6 hell beasts (D)
  5 hill giants (D)
  A hydra (D)
  A lich (D)
  17 ogres (D)
  45 orcs (D)
  3 phantoms (D)
  A skeletal warrior (D)
  11 vampire knights (D)
  3 wraiths (D)
  3 large abominations (D)
  4 small abominations (D)
  2 crawling corpses (D)
104 creatures vanquished.

Vanquished Creatures (others)
  A crawling corpse (D)
1 creature vanquished.

Grand Total: 105 creatures vanquished

Notes
Turn   | Place    | Note
--------------------------------------------------------------
     0 | D        | Vrock, the Gargoyle Gladiator, began the quest for the Orb.
     0 | D        | Reached XP level 1. HP: 12/12 MP: 1/1
     3 | D        | Noticed a bag of meat
     4 | D        | Became a worshipper of Makhleb the Destroyer
     5 | D        | Noticed a bag of meat
     6 | D        | Noticed a meat berserker
     7 | D        | Noticed a bag of meat
     7 | D        | Noticed a bag of meat
     8 | D        | Noticed a bag of meat
     8 | D        | Noticed a bag of meat
     8 | D        | Noticed a bag of meat
     8 | D        | Noticed a bag of meat
     8 | D        | Killed a meat berserker
     8 | D        | Reached skill level 10 in Fighting
     8 | D        | Reached skill level 16 in Axes
     8 | D        | Reached XP level 2. HP: 14/28 MP: 2/2
     8 | D        | Reached XP level 3. HP: 16/33 MP: 3/3
     8 | D        | Reached XP level 4. HP: 18/39 MP: 4/4
     8 | D        | Reached XP level 5. HP: 19/43 MP: 5/5
     8 | D        | Reached XP level 6. HP: 21/48 MP: 6/6
     8 | D        | Reached XP level 7. HP: 23/53 MP: 7/7
     8 | D        | Reached XP level 8. HP: 25/59 MP: 8/8
     8 | D        | Reached XP level 9. HP: 26/63 MP: 9/9
     8 | D        | Reached XP level 10. HP: 28/68 MP: 10/10
     8 | D        | Reached XP level 11. HP: 30/73 MP: 11/11
     9 | D        | Noticed a bag of meat
    10 | D        | Killed a bag of meat
    10 | D        | Acquired Makhleb's first power
    10 | D        | Reached skill level 18 in Axes
    10 | D        | Reached XP level 12. HP: 31/81 MP: 12/12
    10 | D        | Killed a bag of meat
    10 | D        | Reached skill level 19 in Axes
    10 | D        | Reached XP level 13. HP: 32/88 MP: 13/13
    11 | D        | Noticed a bag of meat
    11 | D        | Noticed a meat berserker
    11 | D        | Killed a meat berserker
    11 | D        | Acquired Makhleb's second power
    11 | D        | Reached skill level 21 in Axes
    11 | D        | Gained mutation: Your wings are large and strong. [gargoyle growth]
    11 | D        | Reached XP level 14. HP: 34/95 MP: 14/14
    11 | D        | Killed a bag of meat
    11 | D        | Reached skill level 22 in Axes
    12 | D        | Killed a bag of meat
    12 | D        | Acquired Makhleb's third power
    12 | D        | Reached skill level 15 in Fighting
    12 | D        | Reached XP level 15. HP: 100/103 MP: 15/15
    12 | D        | Killed a bag of meat
    12 | D        | Reached skill level 23 in Axes
    12 | D        | Killed a bag of meat
    12 | D        | Reached skill level 24 in Axes
    13 | D        | Killed a bag of meat
    13 | D        | Acquired Makhleb's fourth power
    13 | D        | Reached skill level 25 in Axes
    13 | D        | Reached skill level 15 in Throwing
    13 | D        | Reached XP level 16. HP: 108/112 MP: 16/16
    14 | D        | Killed a bag of meat
    14 | D        | Reached skill level 26 in Axes
    15 | D        | Killed a bag of meat
    16 | D        | Noticed a bag of meat
    18 | D        | Noticed a meat berserker
    19 | D        | Noticed a meat berserker
    19 | D        | Noticed a bag of meat
    19 | D        | Noticed a bag of meat
    20 | D        | Noticed a destroyer
    20 | D        | Noticed a bag of meat
    21 | D        | Noticed a bag of meat
    21 | D        | Noticed a meat berserker
    21 | D        | Noticed a bag of meat
    21 | D        | Noticed a large bag of meat
    22 | D        | Noticed a bag of meat
    22 | D        | Noticed a destroyer
    22 | D        | Noticed a bag of meat
    22 | D        | Noticed a bag of meat
    23 | D        | Noticed a bag of meat
    23 | D        | Noticed a bag of meat
    23 | D        | Killed a bag of meat
    23 | D        | Acquired Makhleb's fifth power
    23 | D        | Reached skill level 27 in Axes
    24 | D        | Killed a bag of meat
    24 | D        | Reached XP level 17. HP: 120/125 MP: 17/17
    24 | D        | Killed a meat berserker
    25 | D        | Noticed a bag of meat
    25 | D        | Noticed a bag of meat
    25 | D        | Noticed a meat berserker
    25 | D        | Noticed a bag of meat
    26 | D        | Killed a meat berserker
    26 | D        | Reached skill level 1 in Armour
    26 | D        | Killed a bag of meat
    26 | D        | Reached skill level 27 in Dodging
    26 | D        | Killed a bag of meat
    26 | D        | Reached XP level 18. HP: 137/141 MP: 18/18
    27 | D        | Noticed a bag of meat
    27 | D        | Noticed a large bag of meat
    27 | D        | Killed a large bag of meat
    27 | D        | Killed a bag of meat
    27 | D        | Reached skill level 27 in Fighting
    28 | D        | Noticed a bag of meat
    28 | D        | Noticed a bag of meat
    28 | D        | Noticed a bag of meat
    28 | D        | Killed a bag of meat
    28 | D        | Killed a bag of meat
    29 | D        | Killed a bag of meat
    29 | D        | Reached skill level 27 in Throwing
    29 | D        | Reached XP level 19. HP: 151/151 MP: 18/18
    29 | D        | Killed a destroyer
    30 | D        | Noticed a bag of meat
    30 | D        | Killed a meat berserker
    30 | D        | Killed a bag of meat
    30 | D        | Killed a destroyer
    31 | D        | Noticed a destroyer
    31 | D        | Killed a bag of meat
    31 | D        | Reached skill level 27 in Armour
    31 | D        | Killed a bag of meat
    31 | D        | Reached skill level 5 in Spellcasting
    31 | D        | Reached XP level 20. HP: 157/157 MP: 18/31
    33 | D        | Noticed a meat berserker
    33 | D        | Killed a bag of meat
    33 | D        | Reached skill level 10 in Invocations
    33 | D        | Killed a bag of meat
    33 | D        | Reached skill level 10 in Spellcasting
    33 | D        | Killed a bag of meat
    33 | D        | Reached skill level 15 in Stealth
    33 | D        | Killed a meat berserker
    33 | D        | Reached skill level 15 in Invocations
    34 | D        | Noticed a meat berserker
    34 | D        | Killed a bag of meat
    34 | D        | Reached skill level 15 in Unarmed Combat
    34 | D        | Killed a bag of meat
    34 | D        | Reached skill level 15 in Spellcasting
    34 | D        | Reached XP level 21. HP: 163/163 MP: 18/40
    35 | D        | Noticed The Servant
    35 | D        | Killed a large bag of meat
    35 | D        | Killed a bag of meat
    36 | D        | Noticed a destroyer
    36 | D        | Noticed a large bag of meat
    36 | D        | Noticed a destroyer
    36 | D        | Noticed an eight-headed meat hydra
    37 | D        | Killed a destroyer
    38 | D        | Noticed a bag of meat
    38 | D        | Killed a bag of meat
    38 | D        | Killed a meat berserker
    38 | D        | Killed a destroyer
    39 | D        | Killed a bag of meat
    39 | D        | Reached XP level 22. HP: 163/169 MP: 19/44
    39 | D        | Killed a bag of meat
    39 | D        | Killed a meat berserker
    40 | D        | Noticed a large bag of meat
    40 | D        | Noticed a bag of meat
    42 | D        | Noticed a destroyer
    42 | D        | Noticed a sculptor of flesh
    42 | D        | Noticed a bag of meat
    42 | D        | Noticed a bag of meat
    42 | D        | Noticed a destroyer
    43 | D        | Killed a nine-headed meat hydra
    43 | D        | Killed a large bag of meat
    44 | D        | Noticed a bag of meat
    44 | D        | Killed a bag of meat
    46 | D        | Noticed a meat berserker
    48 | D        | Noticed a meat berserker
    48 | D        | Killed a bag of meat
    48 | D        | Killed a large bag of meat
    49 | D        | Killed a meat berserker
    52 | D        | Killed a bag of meat
    52 | D        | Reached skill level 27 in Stealth
    54 | D        | Killed a bag of meat
    57 | D        | Killed The Servant
    57 | D        | Killed a meat berserker
    58 | D        | Killed a bag of meat
    58 | D        | Reached skill level 27 in Invocations
    59 | D        | Killed a destroyer
    59 | D        | Killed a destroyer
    59 | D        | Reached skill level 27 in Unarmed Combat
    59 | D        | Reached XP level 23. HP: 175/175 MP: 24/47
    62 | D        | Noticed a dread
    63 | D        | Noticed a destroyer
    63 | D        | Noticed a tyrant
    65 | D        | Killed a destroyer
    65 | D        | Reached skill level 27 in Spellcasting
    65 | D        | Killed a destroyer
    66 | D        | Noticed a meat berserker
    66 | D        | Noticed a destroyer
    66 | D        | Noticed a bag of meat
    66 | D        | Noticed a meat berserker
    66 | D        | Noticed a large bag of meat
    67 | D        | Noticed a bag of meat
    67 | D        | Noticed a bag of meat
    68 | D        | Noticed a bag of meat
    68 | D        | Killed a tyrant
    69 | D        | Noticed a bag of meat
    69 | D        | Killed a sculptor of flesh
    70 | D        | Noticed a bag of meat
    70 | D        | Noticed a meat beast
    70 | D        | Killed a meat berserker
    71 | D        | Noticed a meat berserker
    71 | D        | Noticed a destroyer
    71 | D        | Noticed a bag of meat
    71 | D        | Killed a meat berserker
    71 | D        | Killed a large bag of meat
    72 | D        | Noticed a bag of meat
    72 | D        | Noticed a bag of meat
    72 | D        | Noticed a dread
    72 | D        | Noticed a meat beast
    73 | D        | Noticed a meat berserker
    73 | D        | Killed a dread
    73 | D        | Reached XP level 24. HP: 181/181 MP: 28/48
    73 | D        | Killed a meat beast
    73 | D        | Killed a bag of meat
    74 | D        | Killed a destroyer
    74 | D        | Killed a destroyer
    74 | D        | Killed a meat beast
    75 | D        | Noticed a destroyer
    75 | D        | Noticed an accursed
    76 | D        | Noticed a bag of meat
    76 | D        | Noticed a wretched soul
    76 | D        | Noticed a meat beast
    76 | D        | Noticed a wretched soul
    77 | D        | Noticed a meat beast
    77 | D        | Noticed a meat berserker
    77 | D        | Killed a dread
    77 | D        | Killed a bag of meat
    77 | D        | Killed a bag of meat
    78 | D        | Noticed a dread
    79 | D        | Noticed a meat beast
    79 | D        | Noticed a wretched soul
    79 | D        | Noticed a meat berserker
    79 | D        | Killed a destroyer
    79 | D        | Killed a bag of meat
    79 | D        | Reached XP level 25. HP: 187/187 MP: 29/49
    79 | D        | Killed a meat beast
    79 | D        | Killed a wretched soul
    80 | D        | Killed a meat beast
    80 | D        | Killed a meat berserker
    80 | D        | Killed a bag of meat
    80 | D        | Killed a meat berserker
    82 | D        | Noticed a bag of meat
    82 | D        | Killed a meat beast
    82 | D        | Killed a meat berserker
    82 | D        | Killed a bag of meat
    82 | D        | Killed a wretched soul
    82 | D        | Noticed a tyrant
    83 | D        | Noticed a bag of meat
    84 | D        | Noticed a meat beast
    84 | D        | Noticed a meat berserker
    84 | D        | Killed an accursed
    84 | D        | Killed a bag of meat
    84 | D        | Reached XP level 26. HP: 193/193 MP: 30/49
    84 | D        | Killed a meat berserker
    85 | D        | Killed a wretched soul
    86 | D        | Noticed a destroyer
    87 | D        | Killed a bag of meat
    87 | D        | Killed a bag of meat
    87 | D        | Killed a dread
    88 | D        | Noticed a bag of meat
    88 | D        | Noticed a wretched soul
    88 | D        | Killed a meat beast
    88 | D        | Killed a meat berserker
    89 | D        | Killed a bag of meat
    89 | D        | Killed a bag of meat
    90 | D        | Noticed a meat beast
    90 | D        | Noticed a wretched soul
    90 | D        | Noticed a bag of meat
    90 | D        | Noticed a sculptor of flesh
    90 | D        | Mangled by a destroyer

Action                   |  1- 3 |  4- 6 |  7- 9 | 10-12 | 13-15 | 16-18 | 19-21 | 22-24 | 25-27 || total
-------------------------+-------+-------+-------+-------+-------+-------+-------+-------+-------++-------
Melee: Executioner's axe |     1 |       |       |     1 |     3 |     8 |     8 |    19 |     7 ||    47
